AoeStats
← TableChair123

Arabia

505236514Analyzed
1v1 RM · 23d ago on Sep 8, 2026· 27m 0s· 2 players
Game mode
Random Map
Map size
Tiny (2 player)
Population
200
Speed
Normal
Resources
Standard
Victory
Conquest
Starting age
Dark Age
Ending age
Imperial Age
RankedLock teamsTeams togetherTeam positionsShared explorationLock speedFull tech treeHidden civsTurbo modeCheats
Victory
Defeat
🇭🇰 Japanese · Hong Kong SAR China
1164
+17
🇨🇴 Koreans · Colombia
1189
-17
TableChair123
6:09 Loom
9:35 Feudal Age
9:46 Man-at-Arms
16:12 Double-Bit Axe
17:31 Horse Collar
24:12 Castle Age
22:15 Gold Mining
23:14 Bloodlines
23:30 Scale Barding Armor
LMG_SON SABANDIJAS
6:56 Loom
9:30 Feudal Age
14:45 Double-Bit Axe
19:14 Fletching
20:27 Horse Collar
28:35 Castle Age
27:22 Scale Mail Armor
Connection lost

Rejoining the realm…

Still unreachable

The connection could not be restored.

Session expired

The server has moved on; the page needs a fresh start.